 Dungeon Crawl Stone Soup version 0.28-a0-998-gb9e9c7b67e (webtiles) character file.

Game seed: 3395912928687372254

139 wotkd0121004 the Sneak (level 5, -4/31 HPs)
             Began as an Octopode Earth Elementalist on Dec 5, 2021.
             Slain by Pikel (10 damage)
             ... on level 4 of the Dungeon.
             The game lasted 00:04:47 (2906 turns).

wotkd0121004 the Sneak (OpEE)                       Turns: 2906, Time: 00:04:47

Health: -4/31      AC:  1    Str:  7    XL:     5   Next: 22%
Magic:  4/8        EV: 13    Int: 19    God:
Gold:   108        SH:  0    Dex: 13    Spells: 5/9 levels left

rFire   . . .      SeeInvis .   a - +2 dagger (flame)
rCold   . . .      Faith    .   (no shield)
rNeg    . . .      Spirit   .   (helmet restricted)
rPois   .          Reflect  .   (no amulet)
rElec   .          Harm     .   (no ring)
rCorr   .          Rampage  .   (no ring)
Will    .....                   (no ring)
Stlth   ++++......              (no ring)
HPRegen 0.10/turn               (no ring)
MPRegen 0.11/turn               (no ring)
                                (no ring)
                                (no ring)

@: very slightly contaminated
A: almost no armour, amphibious, 8 rings, camouflage 1, gelatinous body 1,
(nimble swimmer 1), tentacles
a: no special abilities


You were on level 4 of the Dungeon.
You visited 1 branch of the dungeon, and saw 4 of its levels.

You collected 108 gold pieces.

Inventory:

Hand Weapons
 a - a +2 dagger of flaming (weapon)
 f - a +3 dagger
Missiles
 b - 107 stones
Scrolls
 c - 2 scrolls of identify
 d - a scroll of silence
 g - a scroll of holy word
 h - a scroll of fear
Potions
 e - 2 potions of mutation
 i - 2 potions of curing {unknown}
 j - a potion of cancellation {unknown}


   Skills:
 + Level 2.7 Dodging
 * Level 5.0 Stealth
 + Level 2.5 Spellcasting
 + Level 2.2 Transmutations
 + Level 3.5 Earth Magic


You had 5 spell levels left.
You knew the following spells:

 Your Spells              Type           Power      Damage    Failure   Level
a - Sandblast             Erth           30%        2d9       3%          1
b - Stone Arrow           Conj/Erth      18%        3d8       24%         3

Your spell library contained the following spells:

 Spells                   Type           Power      Damage    Failure   Level
 Passwall                 Tmut/Erth      10%        N/A       8%          2
 Slow                     Hex            8%         N/A       16%         1
 Confusing Touch          Hex            2%         N/A       43%         3
 Swiftness                Air            2%         N/A       43%         3
 Petrify                  Tmut/Erth      13%        N/A       45%         4
 Yara's Violent Unravell  Hex/Tmut       3%         3d4       96%         5


Dungeon Overview and Level Annotations

Branches:
Dungeon (4/15)
 Temple: D:4-7

Altars:

Annotations:
D:3 Grinder
D:4 Pikel


Innate Abilities, Weirdness & Mutations

You cannot wear most types of armour.
You are amphibious.
You can wear up to eight rings at the same time.
Your skin changes colour to match your surroundings (Stealth+).
Your rubbery body absorbs attacks. (AC +1, EV +1)
((You are camouflaged near water. (Stealth+)))
You have tentacles for arms and can constrict up to eight enemies at once.


Message History

Casting: Sandblast (safe; 3% risk of failure)
Confirm with . or Enter, or press ? or * to list all spells.
Aiming: Sandblast (safe; 3% risk of failure)
Press: ? - help, Shift-Dir - straight line, f/p - Pikel
Aim: Pikel, wielding a +0 whip of freezing and wearing a +0 robe (74% to hit)
The blast of sand hits Pikel!
Pikel is lightly wounded.
Unknown command.
Casting: Sandblast (safe; 3% risk of failure)
Confirm with . or Enter, or press ? or * to list all spells.
Aiming: Sandblast (safe; 3% risk of failure)
Press: ? - help, Shift-Dir - straight line, f/p - Pikel
Aim: Pikel, wielding a +0 whip of freezing and wearing a +0 robe (lightly wounded, 74% to hit)
The blast of sand hits Pikel.
Pikel is moderately wounded.
Pikel hits you with a +0 whip of freezing.
Pikel freezes you.
You hit Pikel but do no damage. You grab Pikel.
Pikel is moderately wounded.
You constrict Pikel, but do no damage.
Pikel hits you with a +0 whip of freezing.
Pikel freezes you.
A lemure comes into view.
You hit Pikel but do no damage.
Pikel is moderately wounded.
You constrict Pikel, but do no damage. The lemure hits you.
Pikel hits you with a +0 whip of freezing.
* * * LOW HITPOINT WARNING * * *
Pikel freezes you.
* * * LOW HITPOINT WARNING * * *
Casting: Sandblast (safe; 3% risk of failure)
Confirm with . or Enter, or press ? or * to list all spells.
Aiming: Sandblast (safe; 3% risk of failure)
Press: ? - help, Shift-Dir - straight line, f/p - Pikel
Aim: Pikel, wielding a +0 whip of freezing and wearing a +0 robe (moderately wounded, constricted by you, 100% to hit)
The blast of sand hits Pikel.
Pikel is moderately wounded.
You constrict Pikel, but do no damage. The lemure barely misses you.
Pikel hits you with a +0 whip of freezing!
You die...

## ###.### #...#.##
#......######
#...@K......##
###..5.......## ##
#.......5...# #.#
#....†#.....####...
####..#..#..##.....
#....K##.......# ##.###
.#...#.......#... #....#
.....###....5.....
....##................##


You could see Pikel and 2 lemures.

Vanquished Creatures
  An iguana (D:4)
  6 adders
  2 dart slugs
  An orc (D:3)
  5 ball pythons
  4 endoplasms
  7 goblins
  2 hobgoblins (D:1)
  3 jackals (D:2)
  A quokka (D:1)
  2 bats
  5 frilled lizards
  13 kobolds
  5 rats
57 creatures vanquished.

Vanquished Creatures (others)
  6 plants (D:1)
6 creatures vanquished.

Grand Total: 63 creatures vanquished

Notes
Turn   | Place    | Note
-------+----------+-------------------------------------------
     0 | D:1      | wotkd0121004 the Octopode Earth Elementalist began the
                  | quest for the Orb.
     0 | D:1      | Reached XP level 1. HP: 11/11 MP: 3/3
   143 | D:1      | Reached skill level 3 in Stealth
   397 | D:1      | Reached XP level 2. HP: 13/17 MP: 5/5
   951 | D:1      | Reached XP level 3. HP: 21/21 MP: 6/6
  1022 | D:1      | Found a faded altar of an unknown god.
  1314 | D:2      | Reached skill level 4 in Stealth
  1437 | D:2      | Reached XP level 4. HP: 20/27 MP: 3/7
  2319 | D:3      | Learned a level 3 spell: Stone Arrow
  2517 | D:3      | Noticed Grinder
  2870 | D:4      | Noticed Pikel
  2871 | D:4      | Noticed a lemure
  2897 | D:4      | Reached skill level 5 in Stealth
  2897 | D:4      | Reached XP level 5. HP: 31/31 MP: 8/8
  2904 | D:4      | Noticed a lemure
  2906 | D:4      | Slain by Pikel

Illustrated notes

Levels and vault maps discovered:
D:1:      psy_arrival_fountain, layout_loops_corners,
          ebering_ecumenical_altar_rust, lexackson_kobold_supper
D:2:      layout_rooms
D:3:      layout_loops_cross, uniq_grinder, uniq_sigmund
D:4:      layout_cave_pools, uniq_eustachio, uniq_pikel

Skill      XL: |  1  2  3  4 |
---------------+-------------+-----
Stealth        | 3 4 5 |  5.0
Transmutations | 2 |  2.2
Dodging        | |  2.7
Spellcasting   | |  2.5
Earth Magic    | |  3.5

Action                   |  1- 3 |  4- 6 || total
-------------------------+-------+-------++-------
Melee: Short sword       |    27 |       ||    27
       Constrict         |     7 |     9 ||    16
       Tentacles         |     5 |     3 ||     8
       Unarmed           |     1 |       ||     1
       Dagger            |    14 |    42 ||    56
 Cast: Sandblast         |    11 |    17 ||    28
  Use: Scroll            |     2 |     2 ||     4
 Stab: Sleeping          |    11 |     4 ||    15
       Distracted        |     1 |       ||     1
Armor: Skin              |     1 |     4 ||     5
Dodge: Dodged            |    11 |    30 ||    41

Table legend: (Time is in decaauts)
 A = Elapsed time spent in this place.
 B = Non-inter-level travel time spent in this place.
 C = Inter-level travel time spent in this place.
 D = Time resting spent in this place.
 E = Time spent auto-exploring this place.
 F = Levels seen in this place.
 G = Mean time per level.
                   A        B        C        D        E       F      G
               +--------+--------+--------+--------+--------+-----+--------+
         Total |   2906 |   2875 |     31 |    365 |   1930 |   4 |  726.5 |
       Dungeon |   2906 |   2875 |     31 |    365 |   1930 |   4 |  726.5 |
               +--------+--------+--------+--------+--------+-----+--------+

Top non-repeatable levels by time:
     D:1: 1298 daAuts
     D:2: 982 daAuts
     D:3: 474 daAuts
     D:4: 150 daAuts
